 Dungeon Crawl Stone Soup version 0.19-a0-459-gb8ed64d (webtiles) character file.

53 M4edhros the Poker (level 3, -1/32 HPs)
             Began as a Naga Gladiator on June 2, 2016.
             Was an Initiate of Hepliaklqana.
             Killed from afar by an orc wizard (6 damage)
             ... with a puff of flame
             ... on level 4 of the Dungeon.
             The game lasted 00:06:00 (694 turns).

M4edhros the Poker (Naga Gladiator)                  Turns: 694, Time: 00:06:01

Health: -1/32      AC:  3    Str: 20 (22) XL:     3   Next: 89%
Magic:  3/3        EV:  9    Int:  6 (9)  God:    Hepliaklqana [......]
Gold:   49         SH:  0    Dex: 10 (11) Spells: 0 memorised, 2 levels left

rFire  . . .     SeeInvis +     a - +0 trident
rCold  . . .     Gourm    .     b - +0 leather armour
rNeg   . . .     Faith    .     o - +0 buckler
rPois  +         Spirit   .     c - +0 helmet
rElec  .         Dismiss  .     (no cloak)
rCorr  .         Reflect  .     (no gloves)
SustAt .         Harm     .     (no barding)
MR     .....                    (no amulet)
Stlth  ..........               (no ring)
                                (no ring)

@: confused, mighty, very slightly contaminated, invisible, very slow, not
resistant to hostile enchantments, extremely unstealthy
A: see invisible, deformed body, poison resistance, slowness 2, slow metabolism
1, spit poison 2, AC +1
a: Spit Poison, Recall Ancestor, Ancestor Identity, Renounce Religion


You were on level 4 of the Dungeon.
You worshipped Hepliaklqana.
Hepliaklqana was noncommittal.
You were not hungry.

You visited 1 branch of the dungeon, and saw 5 of its levels.

You collected 49 gold pieces.

Inventory:

Hand Weapons
 a - a +0 trident (weapon)
Missiles
 d - 3 throwing nets (quivered)
Armour
 b - a +0 leather armour (worn)
 c - a +0 helmet (worn)
 o - a +0 buckler (worn)
Scrolls
 l - a scroll of noise {unknown}
 n - a scroll of blinking {unknown}
Potions
 j - 2 potions of agility
 p - a potion of berserk rage {unknown}
 q - a potion of cancellation {unknown}
Comestibles
 f - a bread ration
 m - 3 fruits


   Skills:
 - Level 2.0 Fighting
 + Level 4.6 Polearms
 - Level 1.7 Throwing
 - Level 2.4 Dodging


You had 2 spell levels left.
You didn't know any spells.

Dungeon Overview and Level Annotations

Branches:
Dungeon (5/15)
 Temple: D:4-7

Altars:
Hepliaklqana
Sif Muna

Annotations:
D:5 Blork the orc


Innate Abilities, Weirdness & Mutations

You cannot wear boots.
Your serpentine skin is tough. (AC +1)
You have supernaturally acute eyesight. (SInv)
Armour fits poorly on your strangely shaped body.
Your system is resistant to poisons. (rPois)
You cover ground very slowly.
You have a slow metabolism.
You can spit poison.


Message History

The orc wizard hits you but does no damage.
You feel better. The orc priest hits you with a dagger.
You block the orc wizard's attack.
You closely miss the orc priest. You block the orc priest's attack.
You strike the helpless orc priest from behind!
You hit the orc priest.
The orc priest is moderately wounded.
The orc wizard closely misses you. The orc priest barely misses you.
You completely miss the orc priest.
The orc priest is moderately wounded.
The orc wizard gestures at you while chanting.
You are confused.
The orc priest closely misses you. The orc wizard hits you with a dagger.
* * * LOW HITPOINT WARNING * * *
It was a potion of cure mutation.
It has a very clean taste.
The orc priest hits you with a dagger.
* * * LOW HITPOINT WARNING * * *
The orc wizard gestures at you while chanting.
The puff of flame hits you!
You die...

.......##..............#
.......#...............#
.........###.......[..##
........## ####......##
#####.### ####.### ##.##
#### ### ##..# #...####
#..## #......### ##.##
#......o@## ....###
#.....o..#
......####........##
.†<.....###........#
..###.....#........# .##
####[..†.......# .#
###..........# .#
####.....### .# ###...#


You could see an orc priest and an orc wizard.

Vanquished Creatures
  An adder (D:2)
  A worm (D:2)
  A dart slug (D:2)
  2 giant cockroaches
  3 goblins
  2 hobgoblins (D:2)
  3 jackals (D:3)
  A kobold (D:2)
  6 bats
  3 giant newts
  5 rats
28 creatures vanquished.

Vanquished Creatures (collateral kills)
  An adder (D:4)
  A hobgoblin (D:3)
  2 giant newts
  A rat (D:3)
5 creatures vanquished.

Vanquished Creatures (others)
  An ancestor (D:5)
1 creature vanquished.

Grand Total: 34 creatures vanquished

Notes
Turn   | Place    | Note
--------------------------------------------------------------
     0 | D:1      | M4edhros the Naga Gladiator began the quest for the Orb.
     0 | D:1      | Reached XP level 1. HP: 19/19 MP: 1/1
   207 | D:2      | Reached XP level 2. HP: 18/26 MP: 2/2
   271 | D:2      | Found a deep blue altar of Sif Muna.
   310 | D:2      | Reached skill level 4 in Polearms
   340 | D:2      | Reached XP level 3. HP: 19/32 MP: 3/3
   394 | D:2      | Found a hazy altar of Hepliaklqana.
   397 | D:2      | Became a worshipper of Hepliaklqana
   677 | D:5      | Entered Level 5 of the Dungeon
   677 | D:5      | Noticed Blork the orc
   694 | D:4      | Killed from afar by an orc wizard

Vault maps used:
D:1:      dpeg_arrival_morbid_curiosity, roderic_roman_lattice,
          minmay_misc_feat_x
D:2:      led_sif_pool, lemuel_doored_altar, minmay_snake_closets
D:3:      lemuel_round_altar, uniq_jessica, uniq_crazy_yiuf_cottage
D:4:      minmay_overflow_temple_star_quad, marbit_many_paths, first_bread
D:5:      serial_shops, shop, nicolae_shop_crystal, uniq_sigmund,
          uniq_blork_the_orc, uniq_edmund

Skill      XL: |  1  2 |
---------------+-------+-----
Polearms       | 4 |  4.6
Fighting       | |  2.0
Throwing       | |  1.7
Dodging        | |  2.4

Action                   || total
-------------------------++-------
Melee: Trident           ||   103
  Use: Potion            ||     8
 Stab: Invisible         ||     1
Armor: Leather armour    ||    35
Dodge: Dodged            ||    62
Block: Buckler           ||     4
